 Dungeon Crawl Stone Soup version 0.30-a0-760-g5a9884bb7c (webtiles) character file.

Game seed: 13637850270541837941

227 kae the Digger (level 6, -7/32 HPs)
             Began as a Gargoyle Earth Elementalist on Feb 10, 2023.
             Mangled by an ogre
             ... wielding a +0 giant club
              (18 damage)
             ... on level 4 of the Dungeon.
             The game lasted 00:01:46 (2498 turns).

kae the Digger (Gargoyle Earth Elementalist)        Turns: 2498, Time: 00:01:46

Health: -7/32      AC: 10    Str: 12    XL:     6   Next: 2%
Magic:  0/10       EV: 11    Int: 17    God:
Gold:   210        SH:  0    Dex: 10    Spells: 4/10 levels left

rFire   + . .      SeeInvis .    c - +1 whip (drain)
rCold   . . .      Faith    .    (no shield)
rNeg    + . .      Spirit   +    a - +0 robe
rPois   ∞          Reflect  .    (no helmet)
rElec   +          Harm     .    (no cloak)
rCorr   .          Rampage  .    (no gloves)
Will    .....                    (no boots)
Stlth   ++                       G - amulet of guardian spirit
HPRegen 0.25/turn                O - +4 ring of protection
MPRegen 0.12/turn                F - ring of protection from fire

@: no status effects
A: sickness immunity, AC +4, negative energy resistance 1, electricity
resistance, torment resistance 1, petrification resistance
a: no special abilities


You were on level 4 of the Dungeon.
You visited 1 branch of the dungeon, and saw 4 of its levels.

You collected 210 gold pieces.


Innate Abilities, Weirdness & Mutations

You are immune to sickness and miasma.
Your stone body is resilient. (AC +4)
You are immune to poison.
You resist negative energy. (rN+)
You are resistant to electric shocks. (rElec)
You are resistant to unholy torment.
You are immune to petrification.


   Skills:
 - Level 1.5 Dodging
 - Level 2.1 Stealth
 + Level 2.2 Unarmed Combat
 + Level 2.9 Spellcasting
 * Level 2.8 Conjurations
 - Level 0.7 Transmutations
 * Level 5.5 Earth Magic


You had 4 spell levels left.
You knew the following spells:

 Your Spells              Type           Power      Damage    Failure   Level
a - Sandblast             Erth           42%        2d11      1%          1
b - Stone Arrow           Conj/Erth      32%        3d9       10%         3
c - Passwall              Tmut/Erth      10%        N/A       8%          2

Your spell library contained the following spells:

 Spells                   Type           Power      Damage    Failure   Level
 Sting                    Tmut/Pois      12%        1d3       16%         1
 Wereblood                Tmut           4%         N/A       21%         2
 Poisonous Vapours        Pois/Air       4%         N/A       26%         2
 Mephitic Cloud           Conj/Pois/Air  5%         N/A       34%         3
 Petrify                  Tmut/Erth      13%        N/A       43%         4
 Olgreb's Toxic Radiance  Pois           2%         N/A       87%         4
 Summon Hydra             Summ           1%         N/A       100%        7
 Cigotuvi's Dreadful Rot  Necr/Pois/Air  Unusable   N/A       N/A         2
 Sublimation of Blood     Necr           Unusable   N/A       N/A         2

Inventory:

Hand Weapons
 c - a +1 whip of draining (weapon)
   (You found it on level 1 of the Dungeon)
Missiles
 d - 7 poisoned darts
 m - 10 stones
 n - 3 javelins
Armour
 a - a +0 robe (worn)
Jewellery
 F - a ring of protection from fire (right hand)
   (You found it on level 2 of the Dungeon)
 G - an amulet of guardian spirit (around neck)
   (You found it on level 3 of the Dungeon)
 O - a +4 ring of protection (left hand)
   (You found it on level 2 of the Dungeon)
Scrolls
 e - 3 scrolls of teleportation {@r4}
 h - a scroll of enchant weapon
 o - 2 scrolls of identify {@r1}
Potions
 b - a potion of magic
 f - a potion of brilliance {unknown}
 g - 2 potions of curing {unknown}
 i - a potion of mutation {!q}
 j - 3 potions of heal wounds {unknown}
 k - a potion of ambrosia {unknown}
 l - 2 potions of attraction {unknown}

Dungeon Overview and Level Annotations

Branches:
Dungeon (4/15) Zot: 21464
 Temple: D:4-7

Altars:
Nemelex Xobeh

######## ## #......# ..
#.####.# .### #.####.##### ...
..#####.#......... .K...
#O##.......##.#### #.#.#
#@##.##.#..##.# #.#.#
#.##.##....##.# #.#.#
#.##.####..##.# #.#.# #.##.#
#.....# #.#.###.##.#####.#### #
#.......##.......# ## .
####.s############.## ##.
....##)........#######...####..
....'.†.....................'..


You could see an ogre.


Message History

Press: ? - help, Shift-Dir - straight line, f/p - hound
Aim: a hound (moderately wounded, 75% to hit)
The blast of sand hits the hound but does no damage.
The hound closely misses you. The hound bites you.
Your magical contamination has completely faded away. 😕 HP[-1] MP[-2]
You take 1 damage, and now have 27/28 hp.
You lost 2 mp, and now have 3/9 mp.
A hound is nearby!
A hound is nearby!
Unknown command.
Casting: Sandblast (safe; 2% risk of failure)
Confirm with . or Enter, or press ? or * to list all spells.
Aiming: Sandblast (safe; 2% risk of failure)
Press: ? - help, Shift-Dir - straight line, f/p - hound
Aim: a hound (moderately wounded, 75% to hit)
The blast of sand hits the hound.
The hound barely misses you. x2
A scorpion comes into view.
The hound bites you but does no damage.
There are monsters nearby!
There are monsters nearby!
Unknown command.
Casting: Sandblast (safe; 2% risk of failure)
Confirm with . or Enter, or press ? or * to list all spells.
Aiming: Sandblast (safe; 2% risk of failure)
Press: ? - help, Shift-Dir - straight line, f/p - hound
Aim: a hound (heavily wounded, 75% to hit)
The blast of sand hits the hound!
You kill the hound!
Your Unarmed Combat skill increases to level 2!
A scorpion is nearby! 😎 HP[+1] MP[-1]
Your hp is fully restored (28).
You lost 1 mp, and now have 2/9 mp.
A kobold comes into view.
It is wielding a +0 short sword. 😎 MP[+1]
An ogre comes into view. It is wielding a +0 giant club.
Casting: Sandblast (safe; 1% risk of failure)
Confirm with . or Enter, or press ? or * to list all spells.
Aiming: Sandblast (safe; 1% risk of failure)
Press: ? - help, Shift-Dir - straight line, f - scorpion
Aim: a scorpion (83% to hit)
The blast of sand hits the scorpion.
The scorpion stings you but does no damage. x2 😎 MP[-1]
You lost 1 mp, and now have 2/9 mp.
Casting: Sandblast (safe; 1% risk of failure)
Confirm with . or Enter, or press ? or * to list all spells.
Aiming: Sandblast (safe; 1% risk of failure)
Press: ? - help, Shift-Dir - straight line, f/p - scorpion
Aim: a scorpion (moderately wounded, 83% to hit)
The blast of sand hits the scorpion!
The scorpion barely misses you.
The scorpion stings you but does no damage. 😎 MP[-1]
You lost 1 mp, and now have 1/9 mp.
Casting: Sandblast (safe; 1% risk of failure)
Confirm with . or Enter, or press ? or * to list all spells.
Aiming: Sandblast (safe; 1% risk of failure)
Press: ? - help, Shift-Dir - straight line, f/p - scorpion
Aim: a scorpion (severely wounded, 83% to hit)
The blast of sand hits the scorpion.
You kill the scorpion!
You have reached level 6! 😎 HP[+4]
You now have 32 max hp (+4).
Your hp is fully restored (32).
You start resting. 😎 MP[+7]
You regained 7 mp, and now have 8/10 mp.
You start resting. 😎 MP[+2]
Your mp is fully restored (10).
Casting: Sandblast (safe; 1% risk of failure)
Confirm with . or Enter, or press ? or * to list all spells.
Aiming: Sandblast (safe; 1% risk of failure)
Press: ? - help, Shift-Dir - straight line, f - ogre
Aim: an ogre, wielding a +0 giant club (asleep, 100% to hit)
The blast of sand hits the ogre. 😎 MP[-1]
You lost 1 mp, and now have 9/10 mp.
Casting: Sandblast (safe; 1% risk of failure)
Confirm with . or Enter, or press ? or * to list all spells.
Aiming: Sandblast (safe; 1% risk of failure)
Press: ? - help, Shift-Dir - straight line, f/p - ogre
Aim: an ogre, wielding a +0 giant club (lightly wounded, 92% to hit)
The blast of sand hits the ogre!
The ogre hits you with a +0 giant club!!
Ouch! That really hurt!
* * * LOW HITPOINT WARNING * * *
😨 HP[-21] MP[-6]
You take 21 damage, and now have 11/32 hp.
MASSIVE DAMAGE!! (PAUSE)
You lost 6 mp, and now have 3/10 mp.
Casting: Sandblast (safe; 1% risk of failure)
Confirm with . or Enter, or press ? or * to list all spells.
Aiming: Sandblast (safe; 1% risk of failure)
Press: ? - help, Shift-Dir - straight line, f/p - ogre
Aim: an ogre, wielding a +0 giant club (heavily wounded, 92% to hit)
The blast of sand hits the ogre.
The ogre hits you with a +0 giant club!!
Ouch! That really hurt!
You die...

Skill      XL: |  1  2  3  4  5 |
---------------+----------------+-----
Earth Magic    | 4 5 |  5.5
Unarmed Combat | 1 2 |  2.2
Conjurations   | 1 2 |  2.8
Dodging        | |  1.5
Stealth        | |  2.1
Spellcasting   | |  2.9
Transmutations | |  0.7

Action                     |  1- 3 |  4- 6 || total
---------------------------+-------+-------++-------
  Melee: Whip              |     5 |       ||     5
         Punch             |     1 |       ||     1
   Cast: Sandblast         |    35 |    40 ||    75
    Use: Scroll            |     7 |       ||     7
 Armour: Robe              |       |     4 ||     4
  Dodge: Dodged            |       |     8 ||     8

Levels and vault maps discovered:
D:1:      saegor_arrival_simple_d, layout_basic
D:2:      minmay_wonky_spiral, layout_loops_cross, basic_altar
D:3:      layout_rooms
D:4:      layout_loops_corners, kennysheep_mini_moat, kennysheep_small_square

Notes
Turn   | Place    | Note
-------+----------+-------------------------------------------
     0 | D:1      | kae the Gargoyle Earth Elementalist began the quest for the
                  | Orb.
     0 | D:1      | Reached XP level 1. HP: 10/10 MP: 3/3
     0 | D:1      | magus.rc [v1.11.3]
   188 | D:1      | Reached skill level 4 in Earth Magic
   188 | D:1      | Reached XP level 2. HP: 15/15 MP: 3/5
   407 | D:1      | Reached skill level 1 in Unarmed Combat
   682 | D:2      | Reached XP level 3. HP: 19/19 MP: 4/6
   686 | D:2      | Learned a level 3 spell: Stone Arrow
   689 | D:2      | Learned a level 2 spell: Passwall
   755 | D:2      | Found a sparkling altar of Nemelex Xobeh.
   880 | D:2      | You add the spells Sting, Poisonous Vapours and Olgreb's
                  | Toxic Radiance to your library.
   936 | D:2      | You pick up a book of Blood and begin reading...
   936 | D:2      | You add the spells Wereblood and Summon Hydra to your
                  | library.
  1040 | D:2      | You pick up a book of Vapours and begin reading...
  1142 | D:2      | Reached skill level 1 in Conjurations
  1390 | D:3      | Reached XP level 4. HP: 24/24 MP: 5/7
  2108 | D:4      | Reached skill level 5 in Earth Magic
  2248 | D:4      | Reached skill level 2 in Conjurations
  2248 | D:4      | Reached XP level 5. HP: 28/28 MP: 5/8
  2403 | D:4      | Reached skill level 2 in Unarmed Combat
  2413 | D:4      | Noticed an ogre
  2418 | D:4      | Reached XP level 6. HP: 32/32 MP: 1/10
  2498 | D:4      | Mangled by an ogre

Vanquished Creatures
  A scorpion (D:4)
  2 hounds (D:4)
  A gnoll (D:1)
  4 adders
  2 worms (D:2)
  2 dart slugs (D:3)
  An orc (D:3)
  5 ball pythons
  3 endoplasms
  2 giant cockroaches (D:4)
  6 goblins
  7 hobgoblins
  A quokka (D:1)
  5 bats
  3 frilled lizards
  4 kobolds
  4 rats
53 creatures vanquished.

Table legend:
 A = Non-vault XP
 B = Vault XP
 C = Vault XP percentage of total XP
 D = Non-vault monster count
 E = Vault monster count
 F = Vault count percentage of total count
                 A         B        C        D         E       F
            +---------+---------+-------+---------+---------+-------
      Total |     319 |       6 |   1.8 |      49 |       4 |   7.5
            +---------+---------+-------+---------+---------+-------
        D:1 |      33 |       0 |   0.0 |      12 |       0 |   0.0
        D:2 |      38 |       2 |   5.0 |      12 |       2 |  14.3
        D:3 |      68 |       0 |   0.0 |      17 |       0 |   0.0
        D:4 |     180 |       4 |   2.2 |       8 |       2 |  20.0
            +---------+---------+-------+---------+---------+-------

Illustrated notes

Table legend:
 A = Kills in this place as a percentage of kills in entire the game.
 B = Kills by you in this place as a percentage of kills by you in the entire game.
 C = Kills by friends in this place as a percentage of kills by friends in the entire game.
 D = Other kills in this place as a percentage of other kills in the entire game.
 E = Experience gained in this place as a percentage of experience gained in the entire game.
 F = Experience gained in this place divided by the number of levels of this place that you have seen.
                   A       B       C       D       E      F
               +-------+-------+-------+-------+-------+----------------------
         Total | 100.0 | 100.0 |   N/A |   N/A | 100.0 |  81.2
       Dungeon | 100.0 | 100.0 |   N/A |   N/A | 100.0 |  81.2
               +-------+-------+-------+-------+-------+----------------------

Table legend: (Time is in decaauts)
 A = Elapsed time spent in this place.
 B = Non-inter-level travel time spent in this place.
 C = Inter-level travel time spent in this place.
 D = Time resting spent in this place.
 E = Time spent auto-exploring this place.
 F = Levels seen in this place.
 G = Mean time per level.
                   A        B        C        D        E       F      G
               +--------+--------+--------+--------+--------+-----+--------+
         Total |   2534 |   2474 |     60 |     81 |   2060 |   4 |  633.5 |
       Dungeon |   2534 |   2474 |     60 |     81 |   2060 |   4 |  633.5 |
               +--------+--------+--------+--------+--------+-----+--------+

Top non-repeatable levels by time:
     D:2: 743 daAuts
     D:3: 713 daAuts
     D:1: 550 daAuts
     D:4: 527 daAuts
